cohdb
Replays
Latest Replays
All Replays
Popular Replays
Top Player Replays
Match Explorer
How It Works
Community
CoH3 Stats
Reddit
Sign in to upload your games and track your stats! →
Sign in with Steam
Match 37515093
Unlisted
Match 37515093
Overview
Messages
Build Orders
End
Construct Barracks
Selects Advanced Infantry Battlegroup
Riflemen Squad
Riflemen Squad
Construct Weapon Support Center
M1919 Machine Gun Team
M1 Mortar Team
Selects Artillery Observers
Selects Convert to Ranger Squad
Infantry Support Center
Engineer Squad
Advanced Logistics
Convert to Ranger Squad
Selects Frontline Medical Station
Frontline Medical Station
Convert to Ranger Squad
Construct Tank Depot
Selects Ranger Weapon Training
M4A1 Sherman Medium Tank
Ranger Squad
Construct Medical Station
M4A1 Sherman Medium Tank
Engineer Squad
Selects M2A1 105mm Howitzer Emplacement
Ranger Squad
Improved M9 Bazooka Rockets
Ranger Squad
Bazooka Squad
Ni
Pathfinder
CPU - VERY EASY
Akaxiya
0
0
Comments
sign in to comment!
No comments posted yet!